 Dungeon Crawl Stone Soup version 0.24-a0-479-g9a978d2894 (webtiles) character file.

Game seed: 13897068070184646639

60 mhoghedin the Chiller (level 4, -9/27 HPs)
             Began as a Halfling Ice Elementalist on July 6, 2019.
             Mangled by a gnoll
             ... wielding a +0 halberd
              (11 damage)
             ... on level 2 of the Dungeon.
             The game lasted 00:03:30 (1697 turns).

mhoghedin the Chiller (Halfling Ice Elementalist)   Turns: 1697, Time: 00:03:31

Health: -9/27      AC:  4    Str: 14    XL:     4   Next: 24%
Magic:  1/6        EV: 15    Int: 14    God:
Gold:   40         SH:  0    Dex: 14    Spells: 5/6 levels left

rFire    . . .     SeeInvis .   i - +2 dagger (speed)
rCold    . . .     Gourm    .   (shield restricted)
rNeg     . . .     Faith    .   a - +0 robe
rPois    .         Spirit   .   (no helmet)
rElec    .         Reflect  .   (no cloak)
rCorr    .         Harm     .   h - +0 pair of gloves
MR       .....                  k - +0 pair of boots
Stlth    ++........             (no amulet)
HPRegen  0.09/turn              (no ring)
MPRegen  0.10/turn              (no ring)

@: mighty
A: small, mutation resistance 1
a: no special abilities


You were on level 2 of the Dungeon.
You were not hungry.

You visited 1 branch of the dungeon, and saw 2 of its levels.

You collected 40 gold pieces.

Inventory:

Hand Weapons
 i - a +2 dagger of speed (weapon)
   (You took it off a goblin on level 1 of the Dungeon)
Armour
 a - a +0 robe (worn)
 h - a +0 pair of gloves (worn)
   (You found it on level 1 of the Dungeon)
 k - a +0 pair of boots (worn)
   (You found it on level 1 of the Dungeon)
Scrolls
 b - 4 scrolls of teleportation {unknown}
 e - a scroll of random uselessness {unknown}
 f - a scroll of enchant armour {unknown}
 g - a scroll of remove curse {unknown}
 j - 2 scrolls of identify {unknown}
Comestibles
 c - 5 rations
 l - 4 chunks of flesh {@w0}


   Skills:
 - Level 2.1 Dodging
 - Level 2.1 Stealth
 - Level 1.5 Spellcasting
   Level 0.7 Conjurations
 + Level 4.8 Ice Magic


You had 5 spell levels left.
You knew the following spells:

 Your Spells              Type           Power        Failure   Level  Hunger
a - Freeze                Ice            ##..         3%          1    ##.....

Your spell library contained the following spells:

 Spells                   Type           Power        Failure   Level  Hunger
 Throw Frost              Conj/Ice       #.....       12%         2    ###....
 Ozocubu's Armour         Chrm/Ice       #.......     28%         3    ####...
 Throw Icicle             Conj/Ice       #.......     61%         4    #####..
 Summon Ice Beast         Ice/Summ       #.......     67%         4    #####..


Dungeon Overview and Level Annotations

Branches:
Dungeon (2/15)

Altars:
Nemelex Xobeh


Innate Abilities, Weirdness & Mutations

You are small and have problems with some larger weapons.
You are somewhat resistant to further mutation.


Message History

You freeze the goblin!
You kill the goblin!
You now have 4/5 mp.
You can't see any susceptible monsters within range! (Use Z to cast anyway.)
Things that are here:
a +0 dagger; a goblin corpse You butcher the goblin corpse.
l - 4 chunks of flesh {@w0} (gained 3)
Things that are here:
a +0 dagger; a goblin skeleton MP restored: 5
l - 5 chunks of flesh {@w0} (gained 1)
You see here a bat skeleton.
You open the door.
Found a sparkling altar of Nemelex Xobeh.
Unknown command.
There is an open door here.
There is an open door here.
Eating one of 5 chunks of flesh {@w0}.
You eat one of the 5 chunks of flesh {@w0}.
Things that are here:
a +0 dagger; a goblin skeleton
c - 5 rations (gained 1)
A goblin and a gnoll come into view.
A giant cockroach comes into view.
A giant cockroach comes into view.
A gnoll comes into view. It is wielding a +0 spear.
Found an escape hatch in the floor.
A hobgoblin and 2 gnolls come into view.
The helpless giant cockroach fails to defend itself.
You hit the giant cockroach.
You kill the giant cockroach!
The gnoll shouts!
The giant cockroach closely misses you.
The hobgoblin shouts!
The gnoll completely misses you.
The giant cockroach bites you but does no damage.
The goblin shouts!
The giant cockroach misses you. The giant cockroach closely misses you.
You see here a bat skeleton.
You barely miss the giant cockroach. The giant cockroach misses you.
You hit the giant cockroach but do no damage.
The giant cockroach barely misses you.
You hit the giant cockroach. The giant cockroach misses you.
Firing (i - inventory) No suitable missiles.
Aim: a giant cockroach (moderately wounded, clinging)
Okay, then.
Unknown command.
Unknown command.
Aim: a giant cockroach (moderately wounded, clinging)
You freeze the giant cockroach. The giant cockroach misses you.
You now have 4/5 mp.
Aim: a giant cockroach (severely wounded, clinging)
You freeze the giant cockroach.
You kill the giant cockroach!
You now have 3/5 mp.
Aim: a goblin, wielding a +0 club You freeze the goblin.
The goblin hits you with a +0 club.
You take 5 damage, and have 16/21 hp.
MASSIVE DAMAGE!!
You now have 2/5 mp.
Aim: a goblin, wielding a +0 club (severely wounded)
You freeze the goblin.
You now have 1/5 mp.
Aim: a goblin, wielding a +0 club (almost dead)
You freeze the goblin.
You kill the goblin!
The gnoll hits you from afar with a +0 halberd!
* * * LOW HITPOINT WARNING * * *
You take 10 damage, and have 6/21 hp.
MASSIVE DAMAGE!!
You now have 0/5 mp.
It was a potion of might.
You feel very mighty all of a sudden. The gnoll closely misses you.
Things that are here:
a +0 club; a giant cockroach corpse You barely miss the gnoll.
The gnoll hits you with a +0 halberd.
* * * LOW HITPOINT WARNING * * *
The gnoll closely misses you.
You take 3 damage, and have 4/21 hp.
Unknown command.
The gnoll shouts!
You puncture the gnoll! You hit the gnoll.
You kill the gnoll!
You have reached level 4!
The gnoll hits you with a +0 flail.
* * * LOW HITPOINT WARNING * * *
You take 2 damage, and have 2/27 hp.
You puncture the gnoll! The gnoll barely misses you.
You hit the gnoll.
You kill the gnoll!
The gnoll hits you but does no damage. The gnoll closely misses you.
You see here a +0 flail.
You puncture the gnoll!
The gnoll hits you from afar with a +0 halberd!
You die...

#.......# #.
####.#.##.# ##
#......##.# ##
#..g.##g####.# #.
...# #....).# #.
#.
####.##########.
##....#..........
##gg##...##....##.
#@)####.####...##.
#)##..#'#..##..##.
#.##.......##..###
#..##.._..##...# #
##..##...##..### #
##..##.##..## #
##..###..#>## #
##.......#.####
######.##.....


You could see 2 gnolls.

Vanquished Creatures
  2 gnolls (D:2)
  A worm (D:2)
  A leopard gecko (D:1)
  A ball python (D:1)
  5 bats
  2 giant cockroaches (D:2)
  8 goblins
  2 hobgoblins (D:1)
  2 jackals (D:1)
  6 kobolds (D:1)
  A quokka (D:2)
  2 frilled lizards
  A rat (D:1)
34 creatures vanquished.

Notes
Turn   | Place    | Note
-------+----------+-------------------------------------------
     0 | D:1      | mhoghedin the Halfling Ice Elementalist began the quest for
                  | the Orb.
     0 | D:1      | Reached XP level 1. HP: 11/11 MP: 3/3
   488 | D:1      | Reached XP level 2. HP: 16/17 MP: 1/4
   972 | D:1      | Reached skill level 4 in Ice Magic
   972 | D:1      | Reached XP level 3. HP: 21/21 MP: 2/5
  1639 | D:2      | Found a sparkling altar of Nemelex Xobeh.
  1691 | D:2      | HP: 4/21 [gnoll/+0 halberd (3)]
  1693 | D:2      | Reached XP level 4. HP: 5/27 MP: 0/6
  1697 | D:2      | Mangled by a gnoll

Levels and vault maps discovered:
D:1:      evilmike_arrival_crescent, layout_basic
D:2:      layout_loops_cross, chequers_ecumenical_altar_simple, serial_glass,
          glass_columns_b, glass_columns_c, glass_columns_a, glass_columns_a,
          glass_columns_a, glass_columns_b, nemelex_lonely_heart_becter

Skill      XL: |  1  2 |
---------------+-------+-----
Ice Magic      | 4 |  4.8
Dodging        | |  2.1
Stealth        | |  2.1
Spellcasting   | |  1.5
Conjurations   | |  0.7

Action                   |  1- 3 |  4- 6 || total
-------------------------+-------+-------++-------
Melee: Dagger            |    18 |     3 ||    21
       Short sword       |     1 |       ||     1
 Cast: Freeze            |    50 |       ||    50
  Use: Potion            |     1 |       ||     1
 Stab: Sleeping          |     1 |       ||     1
  Eat: Chunk             |     4 |       ||     4
Armor: Robe              |    10 |       ||    10
Dodge: Dodged            |    60 |     2 ||    62

Table legend:
 A = Non-vault XP
 B = Vault XP
 C = Vault XP percentage of total XP
 D = Non-vault monster count
 E = Vault monster count
 F = Vault count percentage of total count
                 A         B        C        D         E       F
            +---------+---------+-------+---------+---------+-------
      Total |      86 |       0 |   0.0 |      34 |       0 |   0.0
            +---------+---------+-------+---------+---------+-------
        D:1 |      36 |       0 |   0.0 |      21 |       0 |   0.0
        D:2 |      50 |       0 |   0.0 |      13 |       0 |   0.0
            +---------+---------+-------+---------+---------+-------

Levels and vault maps discovered:
D:1:      evilmike_arrival_crescent, layout_basic
D:2:      layout_loops_cross, chequers_ecumenical_altar_simple, serial_glass,
          glass_columns_b, glass_columns_c, glass_columns_a, glass_columns_a,
          glass_columns_a, glass_columns_b, nemelex_lonely_heart_becter

Table legend:
 A = Turns spent in this place as a percentage of turns spent in the entire game.
 B = Non-inter-level travel turns spent in this place as a percentage of non-inter-level travel turns spent in the entire game.
 C = Inter-level travel turns spent in this place as a percentage of turns spent in this place.
 D = Turns resting spent in this place as a percentage of non-inter-level travel turns spent in this place.
 E = Turns spent auto-exploring this place as a percentage of non-inter-level travel turns spent in this place.
 F = Non-inter-level travel turns spent in this place divided by the number of levels of this place that you've seen.
                   A       B       C       D       E      F
               +-------+-------+-------+-------+-------+----------------------
         Total | 100.0 | 100.0 |   0.7 |  30.4 |  47.0 | 842.5
       Dungeon | 100.0 | 100.0 |   0.7 |  30.4 |  47.0 | 842.5
               +-------+-------+-------+-------+-------+----------------------

Table legend:
 A = Kills in this place as a percentage of kills in entire the game.
 B = Kills by you in this place as a percentage of kills by you in the entire game.
 C = Kills by friends in this place as a percentage of kills by friends in the entire game.
 D = Other kills in this place as a percentage of other kills in the entire game.
 E = Experience gained in this place as a percentage of experience gained in the entire game.
 F = Experience gained in this place divided by the number of levels of this place that you have seen.
                   A       B       C       D       E      F
               +-------+-------+-------+-------+-------+----------------------
         Total | 100.0 | 100.0 |   N/A |   N/A | 100.0 |  43.0
       Dungeon | 100.0 | 100.0 |   N/A |   N/A | 100.0 |  43.0
               +-------+-------+-------+-------+-------+----------------------
